 Dungeon Crawl Stone Soup version 0.24.0-123-gd5b16e6ec5 (webtiles) character file.

Game seed: 6299369232471343047, levelgen mode: deterministic

1204 sagitran the Chopper (level 8, -2/61 HPs)
             Began as a Demonspawn Gladiator on Dec 20, 2019.
             Was a Plaything of Xom.
             Slain by a hornet (10 damage)
             ... on level 8 of the Dungeon.
             The game lasted 00:22:11 (4227 turns).

sagitran the Chopper (Demonspawn Gladiator)         Turns: 4227, Time: 00:22:12

Health: -2/61      AC:  8    Str: 20    XL:     8   Next: 21%
Magic:  9/9        EV: 13    Int: 10    God:    Xom [...*..]
Gold:   272        SH:  4    Dex: 16    Spells: 7/9 levels left

rFire    . . .     SeeInvis .   a - +0 war axe
rCold    . . .     Gourm    .   g - +0 buckler
rNeg     . . .     Faith    .   b - +0 leather armour
rPois    .         Spirit   .   (helmet restricted)
rElec    .         Reflect  .   (no cloak)
rCorr    .         Harm     .   h - +2 pair of gloves
MR       .....                  (no boots)
Stlth    ++........             (no amulet)
HPRegen  0.20/turn              (no ring)
MPRegen  0.11/turn              (no ring)

@: mighty, slowed, very slow
A: horns 1, iridescent scales 1, demonic guardian 1
a: Renounce Religion


You were on level 8 of the Dungeon.
You worshipped Xom.
You were a favourite toy of Xom.
You were not hungry.

You visited 2 branches of the dungeon, and saw 9 of its levels.
You also visited: Sewer.

You collected 272 gold pieces.

Inventory:

Hand Weapons
 a - a +0 war axe (weapon)
Missiles
 d - 2 throwing nets (quivered)
Armour
 b - a +0 leather armour (worn)
 g - a +0 buckler (worn)
 h - a +2 pair of gloves (worn)
Scrolls
 e - a scroll of amnesia
 k - 6 scrolls of identify
 l - 2 scrolls of holy word
 m - a scroll of blinking
 o - a scroll of teleportation
 p - a scroll of magic mapping
 u - 2 scrolls of remove curse
Potions
 c - a potion of cancellation
 i - a potion of lignification
 j - 2 potions of might
 n - 4 potions of magic
 r - a potion of haste
 s - 2 potions of curing
 t - 2 potions of flight
Comestibles
 f - 5 rations


   Skills:
 + Level 4.6 Fighting
 + Level 6.7 Axes
 + Level 2.1 Throwing
 + Level 2.2 Armour
 + Level 4.2 Dodging
 + Level 1.2 Stealth
 + Level 1.1 Shields
 + Level 1.1 Spellcasting
 + Level 0.2 Conjurations
 + Level 0.2 Fire Magic


You had 7 spell levels left.
You knew the following spells:

 Your Spells              Type           Power        Failure   Level  Hunger
a - Throw Flame           Conj/Fire      #.....       61%         2    ###....

Your spell library contained the following spells:

 Spells                   Type           Power        Failure   Level  Hunger
 Flame Tongue             Conj/Fire      #....        45%         1    ##.....
 Conjure Flame            Conj/Fire      #.......     83%         3    ####...
 Inner Flame              Hex/Fire       #.......     86%         3    ####...
 Sticky Flame             Conj/Fire      #.......     99%         4    #####..
 Fireball                 Conj/Fire      #.........   100%        5    ######.


Dungeon Overview and Level Annotations

Branches:
Dungeon (8/15)             Temple (1/1) D:4           Sewer (visited)
   Lair: D:8-11

Altars:
Ashenzari
Dithmenos
Gozag
Hepliaklqana
Kikubaaqudgha
Nemelex Xobeh
Okawaru
Qazlal
Ru
Sif Muna
Trog
Uskayaw
Vehumet
Wu Jian
Xom
Yredelemnul
Zin
The Shining One

Shops:
D:6 %


Innate Abilities, Weirdness & Mutations

You have a pair of small horns on your head.
You are partially covered in iridescent scales. (AC +2)
A weak demonic guardian rushes to your aid.


Message History

The hornet misses you. The hornet stings you.
* * * LOW HITPOINT WARNING * * *
You feel as though you will be slow longer.
The hornet misses you.
You barely miss the hornet. You headbutt the hornet.
The hornet is lightly wounded.
The hornet stings you but does no damage.
The hornet stings you.
* * * LOW HITPOINT WARNING * * *
You feel as though you will be slow longer.
The hornet misses you.
You feel better. The hornet barely misses you. You block the hornet's attack.
You closely miss the hornet.
The hornet is lightly wounded.
The hornet stings you.
* * * LOW HITPOINT WARNING * * *
You feel as though you will be slow longer.
The hornet stings you!
You die...
Xom chortles!

##.555............#
#.##############.#
#.# #)# #.# #.# #.#
#.# #.# #.# #. #.#
##############.#
.....Jy@55.....#
################


You could see a hornet, a jelly and 2 friendly shadow imps.

Vanquished Creatures
  4 scorpions
  A howler monkey (D:4)
  A bullfrog zombie (D:7)
  A crimson imp (D:6)
  2 hounds
  An orc priest (D:3)
  3 bullfrog skeletons
  Jessica (D:3)
  An iguana (D:6)
  2 worker ants (D:7)
  Ijyb (D:3)
  An orc wizard (D:7)
  7 adders
  2 river rats
  An ooze (D:2)
  2 adder zombies
  A worm (D:3)
  A dart slug (D:1)
  5 leopard geckos
  16 orcs
  6 giant cockroaches
  9 hobgoblins
  6 jackals
  8 kobolds
  2 quokkas (D:2)
  3 ball pythons
  5 bats
  2 frilled lizards
  5 goblins
  2 leopard gecko skeletons
  2 quokka zombies
  10 rats
114 creatures vanquished.

Vanquished Creatures (collateral kills)
  Menkaure (D:7)
  An orc warrior (D:6)
  2 ogres
  A big kobold (Sewer)
  2 scorpions
  An adder (D:7)
  A river rat (D:4)
  A leopard gecko (D:7)
  An orc (D:7)
  2 jackals (Sewer)
13 creatures vanquished.

Vanquished Creatures (others)
  An ogre (D:5)
  3 worker ants (D:5)
  An adder (D:5)
  A leopard gecko (D:5)
6 creatures vanquished.

Grand Total: 133 creatures vanquished

Notes
Turn   | Place    | Note
-------+----------+-------------------------------------------
     0 | D:1      | sagitran the Demonspawn Gladiator began the quest for the
                  | Orb.
     0 | D:1      | Reached XP level 1. HP: 16/16 MP: 1/1
   204 | D:1      | Gained mutation: You are partially covered in iridescent
                  | scales. (AC +2) [demonic ancestry]
   204 | D:1      | Reached XP level 2. HP: 20/22 MP: 2/2
   216 | D:1      | Reached skill level 3 in Axes
   715 | D:2      | Reached XP level 3. HP: 27/27 MP: 3/3
  1050 | D:2      | Reached skill level 1 in Armour
  1199 | D:3      | Noticed Jessica
  1208 | D:3      | Reached XP level 4. HP: 19/34 MP: 4/4
  1210 | D:3      | Killed Jessica
  1213 | D:3      | Noticed Ijyb
  1444 | D:3      | Killed Ijyb
  1476 | D:3      | Reached XP level 5. HP: 37/41 MP: 5/5
  2016 | D:3      | Reached skill level 4 in Axes
  2206 | D:4      | Gained mutation: A weak demonic guardian rushes to your
                  | aid. [demonic ancestry]
  2206 | D:4      | Reached XP level 6. HP: 31/47 MP: 6/6
  2247 | D:4      | Found a glowing drain.
  2257 | Sewer    | Entered a sewer
  2438 | Sewer    | Found a white marble altar of Elyvilon.
  2540 | D:4      | Found a staircase to the Ecumenical Temple.
  2650 | D:4      | Found a sparkling altar of Nemelex Xobeh.
  2706 | Temple   | Entered the Ecumenical Temple
  2765 | Temple   | Became a worshipper of Xom of Chaos
  2800 | D:5      | Entered Level 5 of the Dungeon
  2806 | D:5      | Found a glowing silver altar of Zin.
  2809 | D:5      | Found a shimmering blue altar of Sif Muna.
  2825 | D:5      | Reached skill level 5 in Axes
  2828 | D:5      | Found a sacrificial altar of Ru.
  2850 | D:5      | Found a glowing golden altar of the Shining One.
  2929 | D:5      | Found a stormy altar of Qazlal.
  2965 | D:5      | Gained mutation: You have a pair of small horns on your
                  | head. [demonic ancestry]
  2965 | D:5      | Reached XP level 7. HP: 32/53 MP: 7/7
  3113 | D:5      | Reached skill level 1 in Shields
  3120 | D:5      | Found a shimmering altar of Xom.
  3401 | D:7      | Reached skill level 1 in Stealth
  3481 | D:6      | Found Nauripp's Food Boutique.
  3624 | D:6      | XOM: potion effect (brilliance)
  3761 | D:7      | Reached skill level 6 in Axes
  3829 | D:7      | Learned a level 2 spell: Throw Flame
  3944 | D:7      | XOM: silly message
  3946 | D:7      | Noticed Menkaure
  3947 | D:7      | XOM: summons friendly iron imp
  3951 | D:7      | HP: 1/54 [Menkaure (8)]
  3954 | D:7      | Killed Menkaure
  3954 | D:7      | Reached XP level 8. HP: 26/61 MP: 1/8
  4054 | D:7      | Reached skill level 1 in Spellcasting
  4137 | D:7      | XOM: scenery: 1 doors close
  4140 | D:8      | XOM: summons 8 friendly demons
  4213 | D:8      | XOM: god gift: 3 scrolls labeled YMYTODAMUTI {god gift}
  4216 | D:8      | Noticed a hornet
  4225 | D:8      | HP: 3/61 [hornet (5)]
  4227 | D:8      | Slain by a hornet

Levels and vault maps discovered:
D:1:      lightli_iron_boxes, layout_basic
D:2:      layout_rooms
D:3:      minmay_wonky_spiral, layout_rooms, chequers_mini_garden, uniq_ijyb,
          uniq_jessica, uniq_grinder
D:4:      layout_rooms, kennysheep_little_box,
          minmay_temple_entry_drinking_statues, portal_sewer_entry_b
D:5:      layout_cave_pools, nicolae_qazlal_general_emergency, minitemple,
          first_ration, xom_confusion_cloud
D:6:      layout_rooms, serial_shops, shop
D:7:      layout_basic, chequers_temple_overflow_statue_of_worship, the_bakery,
          kennysheep_generic_room_7, uniq_pikel, uniq_menkaure
D:8:      layout_basic, makhleb_heckhound_becter, fountainhead
Temple:   minmay_temple_bridge_abc

Skill      XL: |  1  2  3  4  5  6  7  8 |
---------------+-------------------------+-----
Throwing       | 2 |  2.1
Axes           | 3 4 5 6 |  6.7
Armour         | 1 2 |  2.2
Dodging        | 3 4 |  4.2
Fighting       | 3 4 |  4.6
Shields        | 1 |  1.1
Stealth        | 1 |  1.2
Spellcasting   | 1 |  1.1
Conjurations   | |  0.2
Fire Magic     | |  0.2

Action                   |  1- 3 |  4- 6 |  7- 9 || total
-------------------------+-------+-------+-------++-------
Melee: War axe           |   112 |   169 |   145 ||   426
       Headbutt          |       |       |    25 ||    25
Throw: Throwing net      |       |       |     3 ||     3
 Cast: Throw Flame       |       |       |     4 ||     4
  Use: Scroll            |     3 |     9 |     3 ||    15
       Potion            |       |     1 |    12 ||    13
 Stab: Distracted        |       |     1 |       ||     1
       Fleeing           |       |       |     1 ||     1
  Eat: Ration            |     1 |     1 |     1 ||     3
       Chunk             |       |       |     2 ||     2
Armor: Leather armour    |    50 |    69 |    44 ||   163
       Skin              |       |       |     6 ||     6
Dodge: Dodged            |    94 |   145 |    97 ||   336
Block: Buckler           |       |    26 |    20 ||    46
